 Dungeon Crawl Stone Soup version 0.27.1-34-g3ba077fa99 (webtiles) character file.

Game seed: 17343400743842073536

25 Arum the Grave Robber (level 2, -3/28 HPs)
             Began as a Vampire Necromancer on Jan 15, 2022.
             Killed from afar by Sigmund (9 damage)
             ... with a puff of flame
             ... on level 2 of the Dungeon.
             The game lasted 00:02:00 (464 turns).

Arum the Grave Robber (Vampire Necromancer)          Turns: 464, Time: 00:02:00

Health: -3/28      AC: 21    Str:  4 (7)  XL:     2   Next: 82%
Magic:  3/5        EV:  2    Int: 16 (17) God:
Gold:   0          SH:  0    Dex: 11 (14) Spells: 5/6 levels left

rFire    . . .     SeeInvis +   (no weapon)
rCold    . . .     Faith    .   (no shield)
rNeg     + + +     Spirit   .   (armour currently unavailable)
rPois    +         Reflect  .   (helmet currently unavailable)
rElec    .         Harm     .   (cloak currently unavailable)
rCorr    .         Rampage  .   (gloves currently unavailable)
Will     .....     NoTele   +   (boots currently unavailable)
Stlth    +.........             (no amulet)
HPRegen  0.29/turn              (no ring)
MPRegen  0.09/turn              (no ring)

@: confused, tree-form, very slightly contaminated, healing quickly
A: stationary, stasis, torment immunity, boosted hp, alive, (fangs 3), see
invisible, vampiric 1
a: Exsanguinate


You were on level 2 of the Dungeon.
You were a tree.
You visited 1 branch of the dungeon, and saw 2 of its levels.

Inventory:

Armour
 a - a +0 robe (melded)
Scrolls
 c - a scroll of vulnerability {unknown}
 e - a scroll of identify {unknown}
Potions
 b - a potion of degeneration


   Skills:
 - Level 2.1 Dodging
 - Level 3.0 Stealth
 + Level 2.6 Spellcasting
 + Level 4.9 Necromancy


You had 5 spell levels left.
You knew the following spells:

 Your Spells              Type           Power      Damage    Failure   Level
a - Pain                  Necr           68%        1d7       2%          1

Your spell library contained the following spells:

 Spells                   Type           Power      Damage    Failure   Level
 Animate Skeleton         Necr           34%        N/A       2%          1
 Vampiric Draining        Necr           8%         2d7       8%          3
 Animate Dead             Necr           8%         N/A       26%         4
 Agony                    Necr           17%        N/A       56%         5


Dungeon Overview and Level Annotations

Branches:
Dungeon (1/15)

Altars:

Shops:
D:2 =[

Annotations:
D:2 Sigmund


Innate Abilities, Weirdness & Mutations

You are a tree.
Your roots penetrate the ground, keeping you stationary.
You cannot be teleported.
You are immune to unholy pain and torment.
Your maximum health is greatly increased.
Your equipment is partially melded.
Your natural rate of healing is accelerated.
((You have razor-sharp teeth.))
You have supernaturally acute eyesight. (SInv)
You are afflicted with vampirism.


Message History

Confirm with . or Enter, or press ? or * to list all spells.
Aiming: Pain (safe; 2% risk of failure)
Press: ? - help, Shift-Dir - straight line, f/p - Sigmund
Aim: Sigmund, wielding a +0 scythe of protection and wearing a +0 robe (moderately wounded, slightly transparent, chance to affect: 82%) Sigmund writhes in agony!
Sigmund hits you from afar with a +0 scythe of protection.
* * * LOW HITPOINT WARNING * * *
Casting: Pain (safe; 2% risk of failure)
Confirm with . or Enter, or press ? or * to list all spells.
Aiming: Pain (safe; 2% risk of failure)
Press: ? - help, Shift-Dir - straight line, f/p - Sigmund
Aim: Sigmund, wielding a +0 scythe of protection and wearing a +0 robe (heavily wounded, slightly transparent, chance to affect: 82%) Sigmund writhes in agony.
Unknown command.
Magic courses through your body. Sigmund casts a spell at you.
You resist with significant effort.
Casting: Pain (safe; 2% risk of failure)
Confirm with . or Enter, or press ? or * to list all spells.
Aiming: Pain (safe; 2% risk of failure)
Press: ? - help, Shift-Dir - straight line, f/p - Sigmund
Aim: Sigmund, wielding a +0 scythe of protection and wearing a +0 robe (severely wounded, slightly transparent, chance to affect: 82%)
You miscast Pain.
You are very lightly contaminated with residual magic.
Nothing appears to happen.
Sigmund hits you but does no damage.
Casting: Pain (safe; 2% risk of failure)
Confirm with . or Enter, or press ? or * to list all spells.
Aiming: Pain (safe; 2% risk of failure)
Press: ? - help, Shift-Dir - straight line, f/p - Sigmund
Aim: Sigmund, wielding a +0 scythe of protection and wearing a +0 robe (severely wounded, slightly transparent, chance to affect: 82%) Sigmund writhes in agony.
Sigmund points at you and mumbles some strange words.
You are confused.
You're too confused to cast spells.
Sigmund is nearby!
Sigmund gestures at you while chanting.
The magic dart hits you but does no damage.
Sigmund points at you and mumbles some strange words.
The puff of flame hits you!
You die...

#....# #....# ## #....#
###8## ##....# .....##
#.⌠.⌠.# ....8 #..∩..#
....# #.⌠.⌠.# #@..#
#.....# ##...## #.#####
#8♣..8#
#.##############...####
.8....................$.
⌠.######################
.8## ### ⌠..# #.#
.8.######.# ..........#
#########.#


You could see Sigmund (invisible).

Vanquished Creatures
  An adder (D:2)
  A worm (D:2)
  A dart slug (D:1)
  4 ball pythons
  An endoplasm (D:1)
  2 quokkas (D:1)
  A kobold (D:2)
  A rat (D:2)
12 creatures vanquished.

Notes
Turn   | Place    | Note
-------+----------+-------------------------------------------
     0 | D:1      | Arum the Vampire Necromancer began the quest for the Orb.
     0 | D:1      | Reached XP level 1. HP: 13/13 MP: 3/3
   129 | D:1      | Reached XP level 2. HP: 17/19 MP: 1/5
   260 | D:1      | You fall into a shaft and drop 1 floor!
   361 | D:2      | Found Koquc's Jewellery Emporium.
   370 | D:2      | Found Tamibyeh's Armour Shop.
   444 | D:2      | Noticed Sigmund
   464 | D:2      | Killed from afar by Sigmund

Illustrated notes

Levels and vault maps discovered:
D:1:      tarquinn_simple_flora_water_f, layout_rooms, serial_shops, shop,
          serial_forest, infiniplex_forest_clump_double,
          infiniplex_forest_lined_room_2, infiniplex_forest_clump_tiny,
          infiniplex_forest_clump_curved, infiniplex_forest_straight_2,
          infiniplex_forest_lined_3, infiniplex_forest_corner_1,
          infiniplex_forest_side_room, infiniplex_forest_clump_curved,
          infiniplex_forest_lined_room_2, minmay_bisected
D:2:      layout_basic, serial_corexii_hall, corexii_hall_statues_x,
          corexii_hall_statues_s, corexii_hall_statues_t, serial_shops, shop,
          shop, nicolae_shop_temple_entry_statues_fountains, shop,
          shop_fountains, uniq_sigmund

Action                   || total
-------------------------++-------
Melee: Unarmed           ||     5
 Cast: Pain              ||    28
  Use: Potion            ||     4
Armor: Robe              ||     4
       Skin              ||     6
Dodge: Dodged            ||     8
